 Dungeon Crawl Stone Soup version 0.28.0-47-ge53b351184 (webtiles) character file.

Game seed: 11315391733319603796

98 101zpm the Gusty (level 4, -1/32 HPs)
             Began as a Gnoll Air Elementalist on Apr 25, 2022.
             Slain by Grinder (6 damage)
             ... while paralysed by Grinder
             ... on level 3 of the Dungeon.
             The game lasted 00:03:23 (2784 turns).

101zpm the Gusty (Gnoll Air Elementalist)           Turns: 2784, Time: 00:03:23

Health: -1/32      AC:  2    Str:  8    XL:     4   Next: 71%
Magic:  0/11       EV:  2    Int: 16    God:
Gold:   151        SH:  0    Dex: 12    Spells: 12/13 levels left

rFire   . . .      SeeInvis .     - Unarmed
rCold   . . .      Faith    .   (no shield)
rNeg    . . .      Spirit   .   a - +0 robe
rPois   .          Reflect  .   (no helmet)
rElec   .          Harm     .   (no cloak)
rCorr   .          Rampage  .   (no gloves)
Will    .....                   (no boots)
Stlth   ++........              (no amulet)
HPRegen 0.10/turn               (no ring)
MPRegen 0.12/turn               (no ring)

@: paralysed
A: fangs 1, strong nose, distributed training
a: no special abilities


You were on level 3 of the Dungeon.
You visited 1 branch of the dungeon, and saw 3 of its levels.

You collected 151 gold pieces.

Inventory:

Armour
 a - a +0 robe (worn)
Scrolls
 b - a scroll of teleportation {unknown}
 d - 2 scrolls of fog {unknown}
 e - a scroll of blinking {unknown}
Potions
 c - a potion of degeneration {unknown}
 f - a potion of heal wounds {unknown}
 g - a potion of flight {unknown}


   Skills:
 + Level 1.2 Fighting
 + Level 1.2 Short Blades
 + Level 1.2 Long Blades
 + Level 1.2 Axes
 + Level 1.2 Maces & Flails
 + Level 1.2 Polearms
 + Level 1.2 Staves
 + Level 1.2 Slings
 + Level 1.2 Bows
 + Level 1.2 Crossbows
 + Level 1.2 Throwing
 + Level 1.2 Armour
 + Level 4.7 Dodging
 + Level 4.3 Stealth
 + Level 1.2 Shields
 + Level 1.2 Unarmed Combat
 + Level 5.1 Spellcasting
 + Level 2.3 Conjurations
 + Level 1.0 Hexes
 + Level 1.0 Summonings
 + Level 1.0 Necromancy
 + Level 1.0 Translocations
 + Level 1.0 Transmutations
 + Level 1.0 Fire Magic
 + Level 1.0 Ice Magic
 + Level 5.5 Air Magic
 + Level 1.0 Earth Magic
 + Level 1.0 Poison Magic
 + Level 1.3 Invocations
 + Level 1.2 Evocations


You had 12 spell levels left.
You knew the following spells:

 Your Spells              Type           Power      Damage    Failure   Level
a - Shock                 Conj/Air       64%        1d7       3%          1

Your spell library contained the following spells:

 Spells                   Type           Power      Damage    Failure   Level
 Static Discharge         Conj/Air       16%        N/A       4%          2
 Swiftness                Air            21%        N/A       4%          3
 Airstrike                Air            10%        N/A       16%         4


Dungeon Overview and Level Annotations

Branches:
Dungeon (3/15)

Altars:
Ashenzari

Annotations:
D:3 Grinder


Innate Abilities, Weirdness & Mutations

You have very sharp teeth.
Your uncanny sense of smell can sniff out nearby items.
Your experience applies equally to all skills.


Message History

You now have 151 gold pieces (gained 10).
There is an open door here.
Grinder comes into view.
Found 6 gold pieces.
A frilled lizard comes into view.
There are monsters nearby!
The zap hits the frilled lizard.
You kill the frilled lizard!
The zap hits Grinder.
Grinder is lightly wounded.
The zap hits Grinder.
Grinder is moderately wounded.
The zap misses Grinder.
The zap hits Grinder.
Grinder is moderately wounded.
The zap misses Grinder.
Grinder gestures at you. Pain shoots through your body!
The zap misses Grinder.
Grinder gestures at you.
You barely resist.
The zap hits Grinder.
Grinder is heavily wounded.
The zap hits Grinder.
Grinder is heavily wounded.
Grinder blinks!
The zap hits Grinder but does no damage.
Grinder is heavily wounded.
The zap hits Grinder.
Grinder is severely wounded.
The zap hits Grinder.
Grinder is severely wounded.
Grinder gestures at you.
You suddenly lose the ability to move!
Grinder gestures at you. Pain shoots through your body! Grinder hits you!
* * * LOW HITPOINT WARNING * * *
You writhe in agony.
You die...

.................# #.#
#### .###........####.#
#.# .# #........# #.# #
#.# ## #........# #.# .#
.#.#
#........####.###†#..
#.#######............
#.##### #...........#
#.....# #....5..$...#
########.### #@#
...........#####.###.###
........................
.....###.#.#####.#######
####.# #.#.# #... ...#.#
#.#.# ##### ...#.###.#.#
_..'..##.#.#
...#..##.#.#


You could see Grinder.

Vanquished Creatures
  A bullfrog zombie (D:3)
  An adder (D:2)
  4 worms (D:2)
  4 dart slugs
  A ball python (D:1)
  4 bats
  An endoplasm (D:3)
  2 giant cockroaches
  5 goblins
  7 hobgoblins
  A quokka (D:2)
  2 frilled lizards
  A kobold (D:2)
  6 rats
40 creatures vanquished.

Notes
Turn   | Place    | Note
-------+----------+-------------------------------------------
     0 | D:1      | 101zpm the Gnoll Air Elementalist began the quest for the
                  | Orb.
     0 | D:1      | Reached XP level 1. HP: 13/13 MP: 6/6
   274 | D:1      | Reached XP level 2. HP: 16/19 MP: 1/7
   704 | D:1      | Found a faded altar of an unknown god.
  1002 | D:2      | Reached XP level 3. HP: 25/25 MP: 6/9
  1137 | D:2      | Reached skill level 5 in Spellcasting
  1611 | D:2      | Reached skill level 1 in Invocations
  1689 | D:2      | Reached skill level 1 in Fighting
  1689 | D:2      | Reached skill level 1 in Short Blades
  1689 | D:2      | Reached skill level 1 in Long Blades
  1689 | D:2      | Reached skill level 1 in Axes
  1689 | D:2      | Reached skill level 1 in Maces & Flails
  1689 | D:2      | Reached skill level 1 in Polearms
  1689 | D:2      | Reached skill level 1 in Staves
  1689 | D:2      | Reached skill level 1 in Slings
  1689 | D:2      | Reached skill level 1 in Bows
  1689 | D:2      | Reached skill level 1 in Crossbows
  1689 | D:2      | Reached skill level 1 in Throwing
  1689 | D:2      | Reached skill level 1 in Armour
  1689 | D:2      | Reached skill level 1 in Shields
  1689 | D:2      | Reached skill level 1 in Unarmed Combat
  1689 | D:2      | Reached skill level 1 in Evocations
  2460 | D:3      | Reached XP level 4. HP: 32/32 MP: 8/11
  2508 | D:3      | Reached skill level 1 in Hexes
  2508 | D:3      | Reached skill level 1 in Summonings
  2508 | D:3      | Reached skill level 1 in Necromancy
  2508 | D:3      | Reached skill level 1 in Translocations
  2508 | D:3      | Reached skill level 1 in Transmutations
  2508 | D:3      | Reached skill level 1 in Fire Magic
  2508 | D:3      | Reached skill level 1 in Ice Magic
  2508 | D:3      | Reached skill level 1 in Earth Magic
  2508 | D:3      | Reached skill level 1 in Poison Magic
  2587 | D:3      | Found a broken altar of Ashenzari.
  2770 | D:3      | Noticed Grinder
  2782 | D:3      | Paralysed by Grinder for 4 turns
  2784 | D:3      | Slain by Grinder

Illustrated notes

Levels and vault maps discovered:
D:1:      matt_arrival_grand_opening, layout_loops_ring,
          hellmonk_ecumenical_altar_pennies_from_heaven
D:2:      layout_loops_corners, due_unseen_surprise
D:3:      layout_basic, amcnicky_altar_gilded, eino_tiny_chamber,
          chequers_serial_rivers_micro_a, uniq_ijyb, uniq_grinder

Skill      XL: |  1  2  3  4 |
---------------+-------------+-----
Conjurations   | 2 |  2.3
Spellcasting   | 5 |  5.1
Invocations    | 1 |  1.3
Fighting       | 1 |  1.2
Short Blades   | 1 |  1.2
Long Blades    | 1 |  1.2
Axes           | 1 |  1.2
Maces & Flails | 1 |  1.2
Polearms       | 1 |  1.2
Staves         | 1 |  1.2
Slings         | 1 |  1.2
Bows           | 1 |  1.2
Crossbows      | 1 |  1.2
Throwing       | 1 |  1.2
Armour         | 1 |  1.2
Shields        | 1 |  1.2
Unarmed Combat | 1 |  1.2
Evocations     | 1 |  1.2
Hexes          | 1 |  1.0
Summonings     | 1 |  1.0
Necromancy     | 1 |  1.0
Translocations | 1 |  1.0
Transmutations | 1 |  1.0
Fire Magic     | 1 |  1.0
Ice Magic      | 1 |  1.0
Earth Magic    | 1 |  1.0
Poison Magic   | 1 |  1.0
Dodging        | |  4.7
Stealth        | |  4.3
Air Magic      | |  5.5

Action                   |  1- 3 |  4- 6 || total
-------------------------+-------+-------++-------
Melee: Unarmed           |     1 |       ||     1
 Cast: Shock             |    78 |    23 ||   101
Armor: Robe              |     2 |       ||     2
Dodge: Dodged            |    15 |       ||    15
